 Dungeon Crawl Stone Soup version 0.23.2 (webtiles) character file.

Game seed: 10976298764416677902

279 Goblin1989 the Cudgeler (level 6, 0/47 HPs)
             Began as a Demonspawn Wanderer on Apr 2, 2019.
             Was an Initiate of Gozag.
             Slain by a shadow imp (5 damage)
             ... summoned by Eustachio
             ... on level 4 of the Dungeon on Apr 3, 2019.
             The game lasted 00:08:21 (4583 turns).

Goblin1989 the Cudgeler (Demonspawn Wanderer)       Turns: 4583, Time: 00:08:22

Health: 0/47       AC:  8    Str: 15    XL:     6   Next: 5%
Magic:  7/7        EV: 10    Int: 14    God:    Gozag
Gold:   104        SH:  0    Dex: 11    Spells: 5/5 levels left

rFire    + . .     SeeInvis .   y - +0 flail
rCold    . . .     Gourm    .   (no shield)
rNeg     . . .     Faith    .   c - +0 ring mail
rPois    .         Spirit   .   (no helmet)
rElec    .         Reflect  .   (no cloak)
rCorr    .         Harm     .   D - +0 pair of gloves
MR       .....                  (no boots)
Stlth    +.........             j - amulet of the acrobat
HPRegen  0.15/turn              f - ring of protection from fire
MPRegen  0.10/turn              (no ring)

@: gold aura
A: talons 1, molten scales 1, rot immunity
a: Potion Petition, Call Merchant, Bribe Branch, Renounce Religion


You were on level 4 of the Dungeon.
You worshipped Gozag.
Gozag was aware of your devotion.
You were full.

You visited 2 branches of the dungeon, and saw 5 of its levels.

You collected 162 gold pieces.
You paid 58 gold pieces to Gozag.

Inventory:

Hand Weapons
 y - a +0 flail (weapon)
 z - a +0 trident of venom
Missiles
 v - 78 stones (quivered) {@Q3}
 w - 12 sling bullets
 A - 13 bolts
Armour
 c - a +0 ring mail (worn)
 D - a +0 pair of gloves (worn)
Jewellery
 f - a ring of protection from fire (left hand)
 j - an amulet of the acrobat (around neck)
 t - an uncursed ring of fire
Wands
 b - a wand of enslavement (15)
 u - a wand of clouds (3) {@v3}
Scrolls
 g - a scroll of enchant armour {unknown}
 i - a scroll of amnesia {unknown}
 l - 5 scrolls of identify {unknown}
 p - 3 scrolls of immolation {unknown}
 s - 3 scrolls of remove curse {unknown}
 C - 2 scrolls of teleportation {unknown}
 F - a scroll of fear {unknown}
Potions
 h - 3 potions of flight {unknown}
 n - 2 potions of resistance {unknown}
 o - a potion of curing {unknown}
 q - a potion of heal wounds {@q2}
 x - 2 potions of agility {unknown}
 E - a potion of lignification {unknown}
Comestibles
 e - a ration


   Skills:
 - Level 3.0 Fighting
 + Level 5.6 Maces & Flails
   Level 1.0 Bows
 - Level 2.6 Armour
 - Level 2.0 Evocations


You had 5 spell levels left.
You didn't know any spells.
Your spell library contained the following spells:

 Spells                   Type           Power        Failure   Level  Hunger
 Confusing Touch          Hex            #.....       50%         1    ##.....
 Confuse                  Hex            #.......     86%         3    ####...
 Gell's Gravitas          Tloc           #.........   86%         3    ####...
 Petrify                  Tmut/Erth      #.......     99%         4    #####..
 Metabolic Englaciation   Hex/Ice        #.........   100%        5    ######.
 Yara's Violent Unravell  Hex/Tmut       #.........   100%        5    ######.


Dungeon Overview and Level Annotations

Branches:
Dungeon (4/15)             Temple (1/1) D:4

Altars:
Ashenzari
Elyvilon
Fedhas
Gozag
Nemelex Xobeh
Okawaru
Qazlal
Sif Muna
Trog
Wu Jian
Xom
Zin

Annotations:
D:4 Eustachio


Innate Abilities, Weirdness & Mutations

You have sharp toenails.
You are partially covered in molten scales. (AC +2)
You are immune to rotting.


Message History

You take 6 damage, and have 15/41 hp.
You miss the hound.
The hound is severely wounded.
The hound bites you but does no damage. The quasit barely misses you.
The quasit closely misses you.
The quasit claws you but does no damage.
The hound barely misses you.
The quasit splashes around in the water.
The quasit claws you but does no damage. x2
The white imp closely misses you.
You closely miss the hound.
The hound is severely wounded.
The hound bites you but does no damage. The quasit closely misses you.
The quasit claws you but does no damage.
The quasit barely misses you.
The white imp hits you but does no damage.
The hound barely misses you.
Evoke which item? (* to show all) (? for menu, Esc to quit)
Aiming: Cloud Cone
Press: ? - help, Dir - move target cursor, f - hound
Aim: a hound (severely wounded)
You create a blast of noxious fumes!
The quasit splashes around in the water. x2
The quasit barely misses you.
The ufetubus is engulfed in noxious fumes.
The ufetubus appears confused.
The hound is engulfed in noxious fumes.
The hound appears confused.
The hound bites you but does no damage. The white imp closely misses you.
The quasit bites you but does no damage.
The quasit claws you but does no damage.
The quasit splashes around in the water.
Unknown command.
Unknown command.
You catch the helpless hound completely off-guard!
You hit the hound.
The hound is almost dead.
The ufetubus is engulfed in noxious fumes.
The ufetubus appears confused.
The ufetubus falls into the water!
The ufetubus drowns.
The hound is engulfed in noxious fumes.
The hound appears confused.
The hound barely misses you.
The quasit splashes around in the water.
The quasit claws you but does no damage.
The quasit misses you. The white imp hits you.
* * * LOW HITPOINT WARNING * * *
The white imp freezes you.
* * * LOW HITPOINT WARNING * * *
The hound is engulfed in noxious fumes.
The hound appears confused.
You kill the hound!
You have reached level 6!
Your experience leads to an increase in your attributes!
Increase (S)trength, (I)ntelligence, or (D)exterity?
You feel stronger.
Your demonic ancestry asserts itself...
Your toenails lengthen and sharpen.
You take 4 damage, and have 11/47 hp.
MP restored: 7 Unknown command.
Evoke which item? (* to show all) (? for menu, Esc to quit)
Aiming: Cloud Cone
Press: ? - help, Dir - move target cursor You create a blast of poison gas!
The quasit bites you but does no damage.
The quasit claws you but does no damage.
The quasit closely misses you.
Eustachio is poisoned.
Eustachio casts a spell.
You are too injured to fight recklessly!
You are too injured to fight recklessly!
Unknown command.
You hit Eustachio but do no damage. The quasit completely misses you.
The quasit claws you but does no damage. x2
Eustachio is engulfed in poison gas.
Eustachio looks even sicker.
Eustachio gestures wildly while chanting.
The rat is engulfed in poison gas.
The rat is poisoned.
You kill the rat!
The rat's corpse disappears in a puff of smoke!
The quasit bites you but does no damage.
The quasit claws you but does no damage. x2
You thump Eustachio! Your kick misses Eustachio.
Eustachio is heavily wounded.
Eustachio is engulfed in poison gas.
Eustachio looks even sicker.
Eustachio hits you with a +1 falchion of electrocution!
* * * LOW HITPOINT WARNING * * *
The white imp barely misses you.
The quasit bites you but does no damage.
The quasit claws you but does no damage. x2
The shadow imp barely misses you.
Eustachio is engulfed in poison gas.
Eustachio looks as sick as possible!
Eustachio gestures wildly while chanting.
You take 6 damage, and have 5/47 hp.
You barely miss Eustachio.
Eustachio is severely wounded.
The bat is engulfed in poison gas.
The bat is poisoned.
You kill the bat!
The bat's corpse disappears in a puff of smoke!
The quasit bites you but does no damage.
The quasit claws you but does no damage. x2
The white imp barely misses you. The shadow imp hits you.
You die...
Your body crumbles into a pile of gold.

█..≈≈≈≈≈≈≈≈≈..█.........
██.≈≈≈≈≈≈≈≈≈≈≈.█.........
██..≈≈≈≈P>.≈≈≈§§§§☼.......
█..≈≈≈≈.P...≈≈≈§§°........
█..≈≈≈≈P♣⌂P.≈≈≈§§§.$...@..
█..≈≈≈≈♣P♣.P≈≈≈≈§████.....
█...≈≈≈≈.<.§§§≈r.█ ...
█.█.≈≈≈≈≈≈≈§§@§5.█ .
█.█..≈≈≈≈≈≈§§r@5.█
█.....≈≈≈≈≈§≈..5.█
███.....≈≈≈......█
█████.....██████


███████ You could see Eustachio, a quasit, 2 river rats, a white imp and a
shadow imp.

Vanquished Creatures
  A hound (D:4)
  An iguana (D:4)
  Natasha (thrice) (D:2 D:1)
  3 gnolls (D:4)
  6 adders
  An ooze (D:2)
  An adder skeleton (D:4)
  A dart slug (D:1)
  3 leopard geckos (D:2)
  3 orcs
  7 bats
  2 giant cockroaches
  3 goblins (D:2)
  2 hobgoblins
  3 jackals (D:1)
  7 kobolds
  2 quokkas (D:2)
  A ball python (D:4)
  6 frilled lizards
  6 rats
62 creatures vanquished.

Notes
Turn   | Place    | Note
-------+----------+-------------------------------------------
     0 | D:1      | Goblin1989 the Demonspawn Wanderer began the quest for the
                  | Orb.
     0 | D:1      | Goblin1989 set off with the following items: a +0 mace, a
                  | wand of enslavement (15), a +0 ring mail, a ration
     0 | D:1      | Reached XP level 1. HP: 18/18 MP: 2/2
   257 | D:1      | Gained mutation: You are immune to rotting. [demonic
                  | ancestry]
   257 | D:1      | Reached XP level 2. HP: 18/24 MP: 3/3
   262 | D:1      | Reached skill level 2 in Maces & Flails
  1089 | D:2      | Noticed Natasha
  1096 | D:2      | Noticed a crimson imp
  1106 | D:2      | Killed Natasha
  1106 | D:2      | Reached skill level 3 in Maces & Flails
  1106 | D:2      | Reached XP level 3. HP: 5/29 MP: 4/4
  1635 | D:2      | Reached XP level 4. HP: 32/35 MP: 5/5
  1718 | D:2      | Noticed Natasha
  1736 | D:2      | Killed Natasha
  1736 | D:2      | Reached skill level 4 in Maces & Flails
  2144 | D:2      | Noticed Natasha
  2167 | D:1      | Killed Natasha
  2167 | D:1      | Gained mutation: You are partially covered in molten
                  | scales. (AC +2) [demonic ancestry]
  2167 | D:1      | Reached XP level 5. HP: 26/41 MP: 6/6
  3988 | D:4      | Reached skill level 5 in Maces & Flails
  4153 | D:4      | Found a staircase to the Ecumenical Temple.
  4164 | Temple   | Entered the Ecumenical Temple
  4176 | Temple   | Became a worshipper of Gozag Ym Sagoz the Greedy
  4532 | D:4      | Found a blossoming altar of Fedhas.
  4559 | D:4      | Noticed Eustachio
  4577 | D:4      | Gained mutation: You have sharp toenails. [demonic
                  | ancestry]
  4577 | D:4      | Reached XP level 6. HP: 11/47 MP: 7/7
  4583 | D:4      | Slain by a shadow imp

Skill      XL: |  1  2  3  4  5 |
---------------+----------------+-----
Maces & Flails | 3 4 5 |  5.6
Fighting       | |  3.0
Bows           | |  1.0
Armour         | |  2.6
Evocations     | |  2.0

Action                   |  1- 3 |  4- 6 || total
-------------------------+-------+-------++-------
Melee: Mace              |   110 |    96 ||   206
       Flail             |       |    58 ||    58
Evoke: Wand              |       |     2 ||     2
  Use: Potion            |       |     1 ||     1
 Stab: Distracted        |       |     1 ||     1
       Confused          |       |     1 ||     1
  Eat: Chunk             |     2 |     1 ||     3
       Ration            |       |     4 ||     4
Armor: Ring mail         |    72 |    98 ||   170
Dodge: Dodged            |    83 |   143 ||   226

Levels and vault maps discovered:
D:1:      onia_arrival_pyramid, layout_basic, st_stairs_1,
          hangedman_decor_growths, minmay_domino_2
D:2:      layout_loops_ring, uniq_natasha
D:3:      layout_rooms, solitary_fountain
D:4:      layout_gridville, minitemple, minmay_temple_entry_glassed_door,
          fedhas_ov_isle_minmay, uniq_eustachio
Temple:   cyrus_circular_temple
